 Dungeon Crawl Stone Soup version 0.30.0-13-g156ef70053 (webtiles) character file.

Game seed: 10149284906464066141

310 NotreDorf the Ducker (level 6, 0/48 HPs)
             Began as a Merfolk Gladiator on May 17, 2023.
             Slain by Pikel
             ... wielding a +0 whip of flaming
              (1 damage)
             ... on level 4 of the Dungeon.
             The game lasted 00:07:00 (2765 turns).

NotreDorf the Ducker (Merfolk Gladiator)            Turns: 2765, Time: 00:07:03

Health: 0/48       AC:  5    Str: 17    XL:     6   Next: 41%
Magic:  6/6        EV: 19    Int:  7    God:
Gold:   196        SH:  0    Dex: 15    Spells: 5/5 levels left

rFire   . . .        a - +1 trident
rCold   + . .        (no shield)
rNeg    . . .        u - +1 leather armour {rC+}
rPois   .            c - +0 helmet
rElec   .            (no cloak)
rCorr   .            (no gloves)
SInv    +            (no boots)
Will    .....        (no amulet)
Stlth   +            k - ring of see invisible
HPRegen 0.28/turn    p - +5 ring of evasion
MPRegen 0.10/turn

%: no passive effects
@: no status effects
A: (nimble swimmer 2), mertail
a: no special abilities


You were on level 4 of the Dungeon.
You visited 1 branch of the dungeon, and saw 4 of its levels.

You collected 196 gold pieces.

Inventory:

Hand Weapons
 a - a +1 trident (weapon)
Missiles
 d - 2 throwing nets (quivered)
 e - a javelin
 j - 42 stones
Armour
 c - a +0 helmet (worn)
 u - a +1 leather armour of cold resistance (worn)
Magical Staves
 h - a staff of poison
Jewellery
 f - a +6 ring of dexterity
 k - a ring of see invisible (left hand)
 p - a +5 ring of evasion (right hand)
Scrolls
 g - a scroll of enchant weapon
 i - 7 scrolls of identify {unknown}
 l - a scroll of magic mapping
 q - 2 scrolls of fog {unknown}
 t - 2 scrolls of blinking {unknown}
Potions
 m - a potion of heal wounds {unknown}
 n - a potion of flight
 o - a potion of brilliance {unknown}
 r - 2 potions of degeneration {unknown}
 s - a potion of ambrosia {unknown}
 v - 2 potions of curing {unknown}
 w - a potion of mutation {unknown}


   Skills:
 + Level 4.0 Fighting
 + Level 5.7 Polearms
 + Level 3.6 Throwing
 + Level 5.8 Dodging


You had 5 spell levels left.
You didn't know any spells.
Your spell library contained the following spells:

 Spells                   Type           Power      Damage    Failure   Level
 Apportation              Tloc           0%         N/A       50%         1
 Ensorcelled Hibernation  Hex/Ice        0%         N/A       65%         2
 Passwall                 Tmut/Erth      0%         N/A       65%         2
 Swiftness                Air            0%         N/A       86%         3
 Alistair's Intoxication  Tmut/Pois      0%         N/A       100%        5


Dungeon Overview and Level Annotations

Branches:
Dungeon (4/15)
 Temple: D:4-7

Altars:
Uskayaw
Wu Jian

Annotations:
D:4 Pikel


Innate Abilities, Weirdness & Mutations

((You are very nimble when in or above water. (Stealth+, EV+, Speed+++)))
Your lower body shifts to a powerful aquatic tail in water.


Message History

You barely miss the lemure.
The lemure is almost dead.
The lemure misses you.
You hit the lemure but do no damage.
The lemure is almost dead.
You hit Pikel.
Pikel is lightly wounded.
You hit Pikel but do no damage.
Pikel is lightly wounded.
Pikel hits you with a +0 whip of flaming.
Pikel burns you.
You hit Pikel.
Pikel is moderately wounded.
Pikel hits you with a +0 whip of flaming.
Pikel burns you.
You closely miss Pikel.
Pikel is moderately wounded.
Pikel completely misses you.
You hit Pikel.
Pikel is moderately wounded.
Pikel hits you with a +0 whip of flaming.
Pikel burns you.
* * * LOW HITPOINT WARNING * * *
You hit Pikel.
Pikel is moderately wounded.
Pikel barely misses you.
You closely miss Pikel.
Pikel is moderately wounded.
Pikel hits you with a +0 whip of flaming!
* * * LOW HITPOINT WARNING * * *
Pikel burns you.
* * * LOW HITPOINT WARNING * * *
As you read the scroll labelled PIABUU SIMAO, it crumbles to dust.
You hear a loud clanging noise!
It was a scroll of noise.
You hear a shout! x3
Pikel hits you with a +0 whip of flaming.
* * * LOW HITPOINT WARNING * * *
Pikel burns you.
You die...

.................#
................#
................#
................#
................# #####
.......Jh.......##
#...<
.......555.......#
#.###
.#.#.###K##.#....####.#
#...###@##...........#
## #.....###....######
#.....+..#.....##
#.....##.#...#..#
#........######.##
#........######..##
#.................#
##.......##.......#
#.......##.......#


You could see Pikel, 3 lemures, a hound and an endoplasm.

Vanquished Creatures
  Sigmund (D:3)
  A scorpion (D:3)
  Terence (D:3)
  2 adders
  A worm (D:2)
  A dart slug (D:1)
  2 orcs (D:3)
  5 bats
  2 endoplasms
  4 giant cockroaches
  5 hobgoblins
  3 quokkas
  2 ball pythons (D:1)
  5 frilled lizards
  9 goblins
  6 kobolds
  7 rats
57 creatures vanquished.

Notes
Turn   | Place    | Note
-------+----------+-------------------------------------------
     0 | D:1      | NotreDorf the Merfolk Gladiator began the quest for the
                  | Orb.
     0 | D:1      | Reached XP level 1. HP: 16/16 MP: 1/1
    79 | D:1      | Found a faded altar of an unknown god.
   124 | D:1      | Reached XP level 2. HP: 23/23 MP: 2/2
   734 | D:1      | Reached XP level 3. HP: 28/28 MP: 3/3
  1549 | D:3      | Noticed a scorpion
  1561 | D:3      | Killed a scorpion
  1562 | D:3      | Reached skill level 5 in Polearms
  1562 | D:3      | Reached skill level 5 in Dodging
  1562 | D:3      | Reached XP level 4. HP: 23/35 MP: 4/4
  1723 | D:3      | Noticed Terence
  1759 | D:3      | Killed Terence
  1760 | D:3      | Reached XP level 5. HP: 8/41 MP: 5/5
  1913 | D:3      | Noticed Sigmund
  1935 | D:3      | Killed Sigmund
  1936 | D:3      | Reached XP level 6. HP: 26/48 MP: 6/6
  1936 | D:3      | Found a hide-covered altar of Uskayaw.
  2331 | D:3      | Found an ornate altar of the Wu Jian Council.
  2746 | D:4      | Noticed Pikel
  2765 | D:4      | HP: 1/48 [Pikel/+0 whip of flaming (3)]
  2765 | D:4      | Slain by Pikel

Illustrated notes

Levels and vault maps discovered:
D:1:      tekkud_arrival_beachfront_property, layout_loops_corners,
          dreamdust_ecumenical_altar_grove, hangedman_decor_push
D:2:      layout_basic
D:3:      layout_loops_ring, nicolae_wu_jian_immortal_techniques,
          lemuel_tele_altar, minmay_goblin_kobold_house, uniq_terence,
          uniq_sigmund
D:4:      layout_basic, uniq_pikel, uniq_crazy_yiuf_cottage

Skill      XL: |  1  2  3  4  5 |
---------------+----------------+-----
Fighting       | 3 4 |  4.0
Polearms       | 5 |  5.7
Dodging        | 5 |  5.8
Throwing       | 3 |  3.6

Action                     |  1- 3 |  4- 6 || total
---------------------------+-------+-------++-------
  Melee: Trident           |   126 |    88 ||   214
         Punch             |     3 |       ||     3
  Throw: Throwing net      |       |     1 ||     1
    Use: Scroll            |       |     5 ||     5
         Potion            |       |     2 ||     2
   Stab: Sleeping          |     3 |     1 ||     4
 Armour: Leather armour    |    26 |     3 ||    29
         Skin              |       |     2 ||     2
  Dodge: Dodged            |    50 |    57 ||   107
